 Dungeon Crawl Stone Soup version 0.27-a0-1290-g15d3ce7508 (webtiles) character file.

Game seed: 17069122491908268016

5551 Delamore the Cleaver (level 11, -6/79 HPs)
             Began as a Formicid Fighter on June 15, 2021.
             Was a High Priest of Jiyva.
             Mangled by an eight-headed hydra (10 damage)
             ... on level 7 of the Dungeon.
             The game lasted 00:09:39 (9180 turns).

Delamore the Cleaver (Formicid Fighter)             Turns: 9180, Time: 00:09:39

Health: -6/79      AC: 10    Str: 26    XL:     11   Next: 2%
Magic:  11/11      EV:  7    Int:  9    God:    Jiyva [*****.]
Gold:   169        SH: 10    Dex:  9    Spells: 10/10 levels left

rFire    . . .     SeeInvis +   a - +1 war axe
rCold    + . .     Faith    .   c - +0 kite shield
rNeg     . . .     Spirit   .   u - +0 chain mail
rPois    .         Reflect  .   (helmet unavailable)
rElec    .         Harm     .   (no cloak)
rCorr    +         Rampage  .   e - +0 pair of gloves
Will     +....                  (no boots)
Stlth    ..........             (no amulet)
HPRegen  0.23/turn              g - +4 ring of slaying
MPRegen  0.12/turn              k - ring of protection from cold

@: no status effects
A: permanent stasis, dig shafts and tunnels, antennae 3, four strong arms,
talons 1, agile 1, jelly sensing items
a: Dig, Shaft Self, Renounce Religion, Request Jelly, Slimify, Cure Bad Mutation


You were on level 7 of the Dungeon.
You worshipped Jiyva.
Jiyva was extremely pleased with you.
You visited 2 branches of the dungeon, and saw 9 of its levels.
You also visited: Sewer.

You collected 225 gold pieces.
You spent 56 gold pieces at shops.

Inventory:

Hand Weapons
 a - a +1 war axe (weapon)
 i - a +0 broad axe
Missiles
 m - a poisoned dart (quivered)
Armour
 b - a +0 scale mail
 c - a +0 kite shield (worn)
 e - a +0 pair of gloves (worn)
 u - a +0 chain mail (worn)
Jewellery
 g - a +4 ring of slaying (left hand)
 k - a ring of protection from cold (right hand)
Wands
 p - a wand of flame (29)
 q - a wand of iceblast (7)
 r - a wand of digging (7)
 v - a wand of polymorph (4)
Scrolls
 h - 6 scrolls of teleportation
Potions
 d - 2 potions of might
 f - 3 potions of degeneration
 l - a potion of resistance {unknown}
 n - 4 potions of flight
 o - 3 potions of heal wounds


   Skills:
 - Level 5.0 Fighting
 + Level 14.2 Axes
 + Level 4.5 Armour
 + Level 5.0 Shields


You had 10 spell levels left.
You didn't know any spells.
Your spell library was empty.

Dungeon Overview and Level Annotations

Branches:
Dungeon (8/15)             Temple (0/1) D:6            Lair (1/6) D:8
  Sewer (visited)

Altars:
Hepliaklqana
Nemelex Xobeh
Ru
Xom
Zin
Jiyva

Shops:
D:2 !   D:7 *


Innate Abilities, Weirdness & Mutations

You cannot be hasted, slowed, berserked, paralysed or teleported.
You can dig through walls and to a lower floor.
You have a pair of large antennae on your head. (SInv)
Your four strong arms can wield two-handed weapons with a shield.
You have sharp toenails.
You are agile. (Dex +2)
You have a small jelly attached to you that senses nearby items.


Message History

The centaur unwields a +0 shortbow.
The centaur wields a +0 hand axe of freezing.
It glows with a cold blue light!
You block the centaur's attack. x2
You slash the centaur! You claw the centaur.
The centaur is heavily wounded.
The centaur hits you but does no damage.
The centaur kicks you but does no damage.
The centaur hits you with a +0 hand axe of freezing.
You block the centaur's attack.
The seven-headed hydra roars!
You slice the centaur!!
You kill the centaur!
Your Shields skill increases to level 5!
Items here: $ ( )).
You hack one of the seven-headed hydra's heads off!
The six-headed hydra grows two more!
You slash the eight-headed hydra! You claw the eight-headed hydra!
The eight-headed hydra is moderately wounded.
There is a stone staircase leading up here.
The eight-headed hydra bites you!
You block the eight-headed hydra's attack.
The eight-headed hydra bites you!
You block the eight-headed hydra's attack.
The eight-headed hydra bites you but does no damage.
The eight-headed hydra barely misses you.
The eight-headed hydra bites you but does no damage.
The eight-headed hydra bites you!
You climb upwards.
There is a stone staircase leading down, spattered with blood here.
Jiyva gurgles merrily.
The eight-headed hydra bites you!
You block the eight-headed hydra's attack.
The eight-headed hydra bites you!
* * * LOW HITPOINT WARNING * * *
The eight-headed hydra bites you but does no damage.
The eight-headed hydra bites you!
* * * LOW HITPOINT WARNING * * *
You block the eight-headed hydra's attack.
The eight-headed hydra bites you!
You die...

..###..#....##.#..............###
......#...............JJ.........
..........##..................##.
##......###..................###.
#...#.......................##...
...##..#....###..........##..JJ..
.####..####..##..........##......
.# #.....##..##......J.J.##......
.###..#.####..#.@......J.#.......
......#..##..##.D...........J....
#.#..#...###............J...##...
.....#.....#....##...#.##...####.
##.#............J....J......##...
#####...........#.##.##....#....
#.......#.J#####.##.........
##.......#...................
###......#.....##........##....


You could see an eight-headed hydra and 7 neutral jellies (fellow slime).

Vanquished Creatures
  Erica (D:8)
  Pikel (D:6)
  A deep elf pyromancer (D:8)
  A gargoyle (D:8)
  A komodo dragon (D:7)
  Sigmund (D:6)
  8 yaks
  A wyvern (D:7)
  A steam dragon (D:6)
  Edmund (D:6)
  2 water moccasins
  An orc warrior (D:8)
  An ogre (D:5)
  4 centaurs
  A phantom (D:7)
  A kobold brigand (Sewer)
  2 lemures (D:6)
  Blork the orc (D:6)
  2 bullfrogs
  3 howler monkeys (D:7)
  3 centaur zombies (D:7)
  A bullfrog zombie (D:6)
  2 crimson imps (D:5)
  A centaur skeleton (D:5)
  A hound (D:5)
  2 bullfrog skeletons
  2 orc priests
  A gnoll shaman (D:8)
  An iguana (D:6)
  An orc wizard (D:7)
  A hound skeleton (D:5)
  9 gnolls
  A howler monkey skeleton (D:6)
  9 adders
  A river rat (Sewer)
  A shadow imp (D:7)
  2 worms
  4 dart slugs
  12 orcs
  An endoplasm (D:1)
  3 giant cockroaches
  7 hobgoblins
  19 jackals
  5 quokkas
  6 ball pythons
  4 bats
  2 frilled lizards
  10 goblins
  15 kobolds
  10 rats
172 creatures vanquished.

Vanquished Creatures (others)
  An unseen horror (D:8)
  An efreet (D:8)
  2 slime creatures (D:8)
  A troll (D:8)
  3 yaks (D:7)
  A wraith (D:8)
  2 acid dragons (D:8)
  A phantom (D:6)
  A centaur (D:6)
  A kobold brigand (D:7)
  A bullfrog (D:7)
  17 jellies
  2 crimson imps (D:5)
  A hound (D:4)
  An orc priest (D:5)
  Ijyb (D:4)
  A scorpion zombie (D:5)
  A hound skeleton (D:5)
  An adder (D:3)
  A shadow imp (D:6)
  An ufetubus (D:5)
  5 orcs
  4 ball pythons
  A bat (D:3)
  3 goblins
  3 hobgoblins
  5 kobolds
  A quokka (D:4)
  A frilled lizard (D:3)
  5 plants (D:3)
70 creatures vanquished.

Grand Total: 242 creatures vanquished

Notes
Turn   | Place    | Note
-------+----------+-------------------------------------------
     0 | D:1      | Delamore the Formicid Fighter began the quest for the Orb.
     0 | D:1      | Reached XP level 1. HP: 18/18 MP: 1/1
    27 | D:1      | Reached XP level 2. HP: 22/24 MP: 2/2
   335 | D:1      | Reached XP level 3. HP: 30/30 MP: 3/3
   355 | D:1      | Reached skill level 3 in Axes
   630 | D:1      | Found a faded altar of an unknown god.
   659 | D:1      | Became a worshipper of Jiyva Jeacach the Shapeless
   659 | D:1      | Reached * piety under Jiyva
   766 | D:2      | Reached XP level 4. HP: 37/37 MP: 4/4
  1048 | D:2      | Found Waiqaun's Distillery.
  1056 | D:2      | Bought a potion of curing for 42 gold pieces
  1056 | D:2      | Bought a potion of degeneration for 14 gold pieces
  1245 | D:2      | Reached skill level 4 in Axes
  1314 | D:3      | Found a sparkling altar of Nemelex Xobeh.
  1327 | D:3      | Reached XP level 5. HP: 42/42 MP: 5/5
  1361 | D:3      | Reached ** piety under Jiyva
  1834 | D:4      | Reached *** piety under Jiyva
  2066 | D:4      | Killed Ijyb
  2117 | D:4      | Found a glowing drain.
  2126 | Sewer    | Entered a sewer
  2246 | Sewer    | Noticed a kobold brigand
  2261 | Sewer    | Reached XP level 6. HP: 46/49 MP: 6/6
  2271 | Sewer    | Reached skill level 5 in Axes
  2307 | Sewer    | Found a white marble altar of Elyvilon.
  2798 | D:5      | Entered Level 5 of the Dungeon
  2860 | D:5      | Reached skill level 5 in Fighting
  2943 | D:5      | Noticed an ogre
  2951 | D:5      | Killed an ogre
  2952 | D:5      | Reached skill level 6 in Axes
  2952 | D:5      | Reached XP level 7. HP: 32/56 MP: 7/7
  3697 | D:5      | Found a shimmering altar of Xom.
  3879 | D:6      | Noticed Blork the orc
  3879 | D:6      | Noticed Edmund
  3891 | D:5      | Reached skill level 7 in Axes
  3983 | D:6      | Noticed Pikel
  3995 | D:6      | Killed Pikel
  3996 | D:6      | Reached skill level 9 in Axes
  3996 | D:6      | Reached XP level 8. HP: 27/62 MP: 8/8
  4407 | D:6      | Killed Blork the orc
  4664 | D:6      | Found a staircase to the Ecumenical Temple.
  4787 | D:6      | Gained mutation: You have sharp toenails. [Jiyva's grace]
  4870 | D:6      | Reached **** piety under Jiyva
  4990 | D:6      | Noticed Sigmund
  4998 | D:6      | Killed Sigmund
  4999 | D:6      | Reached skill level 10 in Axes
  4999 | D:6      | Reached XP level 9. HP: 58/68 MP: 9/9
  5081 | D:6      | Found a hazy altar of Hepliaklqana.
  5090 | D:6      | Found a sacrificial altar of Ru.
  5384 | D:6      | Killed Edmund
  5606 | D:7      | Found Padu's Practical Paraphernalia.
  5650 | D:7      | Reached skill level 11 in Axes
  5797 | D:7      | Gained mutation: You have a small jelly attached to you
                  | that senses nearby items. [Jiyva's grace]
  5806 | D:7      | Found a glowing silver altar of Zin.
  6038 | D:7      | Noticed a komodo dragon
  6048 | D:7      | Killed a komodo dragon
  6462 | D:7      | Reached skill level 12 in Axes
  6688 | D:7      | Reached XP level 10. HP: 62/74 MP: 10/10
  7021 | D:8      | Killed an unseen horror
  7029 | D:7      | Reached skill level 13 in Axes
  7139 | D:8      | Reached ***** piety under Jiyva
  7177 | D:8      | Killed an efreet
  7241 | D:8      | Found a staircase to the Lair.
  7282 | D:8      | Gained mutation: You are agile. (Dex +2) [Jiyva's grace]
  7608 | D:8      | Noticed a deep elf pyromancer
  7810 | D:8      | Killed a deep elf pyromancer
  7888 | D:8      | Noticed a gargoyle
  7899 | D:8      | Killed a gargoyle
  7900 | D:8      | Reached skill level 14 in Axes
  8345 | D:8      | Noticed a seven-headed hydra
  8555 | Lair:1   | Entered Level 1 of the Lair of Beasts
  9101 | D:8      | Noticed Erica
  9128 | D:8      | Killed Erica
  9129 | D:8      | Reached XP level 11. HP: 53/79 MP: 11/11
  9161 | D:8      | Reached skill level 5 in Shields
  9180 | D:7      | Mangled by an eight-headed hydra

Illustrated notes

Levels and vault maps discovered:
D:1:      minmay_arrival_cross, layout_rooms,
          hellmonk_ecumenical_altar_leap_of_faith, minmay_tiny_reverse_x
D:2:      layout_rooms, serial_shops, shop
D:3:      corexii_shack_village, layout_basic,
          nemelex_xobeh_ov_fountains_minmay, nrook_campfire
D:4:      layout_layer_cave, cheibrodos_sewer_entry_bend,
          roderic_three_in_a_row, uniq_ijyb
D:5:      layout_loops_corners, led_xom_imps, minmay_misc_feat_hallway,
          hangedman_abyss_or_decor_lesser_grid
D:6:      layout_gridville, general_overflow_altar, kennysheep_mini_moat,
          minmay_temple_entry_proselytizer, uniq_blork_the_orc, uniq_sigmund,
          uniq_pikel, uniq_edmund
D:7:      layout_cave_pools, lemuel_tele_altar, nicolae_alphabet_shops
D:8:      hangedman_cross_veins, layout_loops_ring, lair_entry_dummy, uniq_erica
Lair:1:   layout_cave_shapes, serial_forest, infiniplex_forest_clump_double,
          infiniplex_forest_split, infiniplex_forest_clump_medium,
          infiniplex_forest_clump_medium, infiniplex_forest_straight_3,
          infiniplex_forest_straight_4, infiniplex_forest_straight_2

Skill      XL: |  1  2  3  4  5  6  7  8  9 10 11 |
---------------+----------------------------------+-----
Axes           | 3 4 6 9 10 12 14 | 14.2
Fighting       | 4 5 |  5.0
Shields        | 4 5 |  5.0
Armour         | 4 |  4.5

Action                   |  1- 3 |  4- 6 |  7- 9 | 10-12 || total
-------------------------+-------+-------+-------+-------++-------
Melee: War axe           |    89 |   152 |   133 |    75 ||   449
       Kick              |       |       |    40 |    25 ||    65
Throw: Dart              |       |       |     3 |    15 ||    18
       Throwing net      |       |       |       |     1 ||     1
 Abil: Dig               |       |     9 |     5 |     5 ||    19
  Use: Scroll            |       |     4 |     1 |     1 ||     6
       Potion            |       |       |     1 |     1 ||     2
 Stab: Distracted        |       |       |       |     1 ||     1
Armor: Scale mail        |    48 |    61 |    53 |    19 ||   181
       Chain mail        |       |       |       |    16 ||    16
Dodge: Dodged            |    25 |    54 |    58 |    34 ||   171
Block: Kite shield       |    57 |    89 |    69 |    51 ||   266

Table legend: (Time is in decaauts)
 A = Elapsed time spent in this place.
 B = Non-inter-level travel time spent in this place.
 C = Inter-level travel time spent in this place.
 D = Time resting spent in this place.
 E = Time spent auto-exploring this place.
 F = Levels seen in this place.
 G = Mean time per level.
                   A        B        C        D        E       F      G
               +--------+--------+--------+--------+--------+-----+--------+
         Total |   9387 |   9115 |    272 |   2718 |   4732 |  10 |  938.7 |
       Dungeon |   9120 |   8848 |    272 |   2718 |   4540 |   8 | 1140.0 |
          Lair |      5 |      5 |      0 |      0 |      0 |   1 |    5.0 |
         Sewer |    261 |    261 |      0 |      0 |    192 |   1 |  261.0 |
               +--------+--------+--------+--------+--------+-----+--------+

Top non-repeatable levels by time:
     D:7: 2712 daAuts
     D:5: 1424 daAuts
     D:6: 1403 daAuts
     D:8: 896 daAuts
     D:4: 856 daAuts
     D:1: 730 daAuts
     D:2: 598 daAuts
     D:3: 499 daAuts
   Sewer: 261 daAuts
  Lair:1: 5 daAuts
